 Dungeon Crawl Stone Soup version 0.23.2-1-ga50397a6bc (webtiles) character file.

Game seed: 15524580735795709760

242 FluffierThanThou the Skirmisher (level 5, -9/43 HPs)
             Began as a Demonspawn Berserker on May 16, 2019.
             Was a Priest of Trog.
             Mangled by Menkaure (16 damage)
             ... on level 3 of the Dungeon.
             The game lasted 00:05:09 (2316 turns).

FluffierThanThou the Skirmisher (DsBe)              Turns: 2316, Time: 00:05:09

Health: -9/43      AC:  2    Str: 18    XL:     5   Next: 81%
Magic:  5/5        EV: 13    Int:  8    God:    Trog [***...]
Gold:   141        SH:  4    Dex: 13    Spells: 4/4 levels left

rFire    . . .     SeeInvis .   a - +0 hand axe
rCold    . . .     Gourm    .   (no shield)
rNeg     . . .     Faith    .   b - +0 animal skin
rPois    .         Spirit   .   (no helmet)
rElec    .         Reflect  .   (no cloak)
rCorr    .         Harm     .   (no gloves)
MR       ++...                  (no boots)
Stlth    +.........             p - amulet of regeneration
HPRegen  1.54/turn              (no ring)
MPRegen  0.09/turn              (no ring)

@: berserk cooldown, starving, regenerating, slowed, very slow
A: hooves 1, large bone plates 1, powered by death 1, spiny 1
a: Berserk, Trog's Hand, Renounce Religion


You were on level 3 of the Dungeon.
You worshipped Trog.
Trog was most pleased with you.
You were starving.

You visited 1 branch of the dungeon, and saw 3 of its levels.

You collected 141 gold pieces.

Inventory:

Hand Weapons
 a - a +0 hand axe (weapon)
Armour
 b - a +0 animal skin (worn)
Jewellery
 p - an amulet of regeneration (around neck)
Wands
 n - a wand of polymorph (9)
 o - a wand of acid (10)
Scrolls
 d - a scroll of magic mapping
 e - a scroll of identify
 f - a scroll of remove curse
 h - a scroll of enchant armour {unknown}
 i - 2 scrolls of enchant weapon {unknown}
 j - a scroll of blinking {unknown}
 k - 3 scrolls of teleportation {unknown}
Potions
 g - a potion of might {unknown}
 l - a potion of flight {unknown}
 q - a potion of cancellation {unknown}
Comestibles
 c - 6 rations


   Skills:
 * Level 4.7 Fighting
 + Level 3.5 Axes
 + Level 2.9 Armour
 + Level 3.0 Dodging


You had 4 spell levels left.
You didn't know any spells.
Your spell library was empty.

Dungeon Overview and Level Annotations

Branches:
Dungeon (3/15)

Altars:
Kikubaaqudgha
Xom
Yredelemnul

Annotations:
D:3 1 transporter, Menkaure


Innate Abilities, Weirdness & Mutations

You have large cloven feet.
You are partially covered in large bone plates. (SH +4)
You regenerate a little health from kills.
You are partially covered in sharp spines.


Message History

The hound zombie barely misses you. Menkaure completely misses you.
You barely miss Menkaure. You kick Menkaure.
Menkaure is heavily damaged.
You hit the hound zombie.
The hound zombie is struck by your spines.
The hound zombie completely misses you. Menkaure hits you!!
* * * LOW HITPOINT WARNING * * *
The hound zombie closely misses you.
You hit Menkaure but do no damage.
Menkaure is heavily damaged.
You hit the hound zombie.
You destroy the hound zombie!
Trog accepts your kill.
Your Dodging skill increases to level 3!
Menkaure casts a spell at you. You resist with almost no effort.
You block Menkaure's attack.
You hit Menkaure. Your kick misses Menkaure.
Menkaure is severely damaged.
Menkaure hits you!
You die...

##### ##...#######
#######..........#
#.......©........#
#.#############..#
#.#...........#(.#
#.#.....M.....#).#
#.#..##.@.##..#..#
#)#..#8...8#..#..#
#.#..##...##..#).#
#.#.....©.....#..#
#.#..##...##..#..#
#.#..#8...8#..#..#######
#.#..##...##?.#........##
#.#...........#.####.....
#.#.[$_[⌠!_$}©#.####.....


You could see Menkaure.

Vanquished Creatures
  An orc priest (D:3)
  An orc wizard (D:3)
  A hound zombie (D:3)
  Robin (D:2)
  6 adders
  An ooze (D:3)
  4 worms (D:2)
  A dart slug (D:1)
  3 leopard geckos
  3 orcs (D:3)
  2 giant cockroaches
  18 goblins
  12 hobgoblins
  5 jackals
  8 bats
  4 frilled lizards
  3 kobolds
  A leopard gecko skeleton (D:3)
  10 rats
85 creatures vanquished.

Notes
Turn   | Place    | Note
-------+----------+-------------------------------------------
     0 | D:1      | FluffierThanThou the Demonspawn Berserker began the quest
                  | for the Orb.
     0 | D:1      | Reached XP level 1. HP: 18/18 MP: 1/1
   197 | D:1      | Gained mutation: You are partially covered in large bone
                  | plates. (SH +4) [demonic ancestry]
   197 | D:1      | Reached XP level 2. HP: 22/24 MP: 2/2
   819 | D:2      | Gained mutation: You are partially covered in sharp spines.
                  | [demonic ancestry]
   819 | D:2      | Reached XP level 3. HP: 28/29 MP: 3/3
   896 | D:2      | Reached ** piety under Trog
   942 | D:2      | Noticed Robin
   960 | D:2      | Killed Robin
  1252 | D:2      | Gained mutation: You have large cloven feet. [demonic
                  | ancestry]
  1252 | D:2      | Reached XP level 4. HP: 33/37 MP: 4/4
  1453 | D:2      | Reached skill level 4 in Fighting
  1920 | D:3      | Found a shimmering altar of Xom.
  1920 | D:3      | Found a shimmering altar of Xom.
  1921 | D:3      | Found a shimmering altar of Xom.
  1921 | D:3      | Found a shimmering altar of Xom.
  1921 | D:3      | Found a shimmering altar of Xom.
  1921 | D:3      | Found a shimmering altar of Xom.
  1921 | D:3      | Found a shimmering altar of Xom.
  1925 | D:3      | Found a shimmering altar of Xom.
  1925 | D:3      | Found a shimmering altar of Xom.
  1925 | D:3      | Found a shimmering altar of Xom.
  1952 | D:3      | Gained mutation: You regenerate a little health from kills.
                  | [demonic ancestry]
  1952 | D:3      | Reached XP level 5. HP: 35/42 MP: 5/5
  2149 | D:3      | Reached *** piety under Trog
  2169 | D:3      | Found a transporter.
  2170 | D:3      | Found a basalt altar of Yredelemnul.
  2171 | D:3      | Noticed Menkaure
  2173 | D:3      | Found an ancient bone altar of Kikubaaqudgha.
  2192 | D:3      | Found a transporter.
  2314 | D:3      | HP: 2/43 [Menkaure (21)]
  2316 | D:3      | Mangled by Menkaure

Skill      XL: |  1  2  3  4  5 |
---------------+----------------+-----
Armour         | 2 |  2.9
Dodging        | 2 3 |  3.0
Axes           | 3 |  3.5
Fighting       | 4 |  4.7

Action                   |  1- 3 |  4- 6 || total
-------------------------+-------+-------++-------
Melee: Hand axe          |   108 |    85 ||   193
       Kick              |       |    23 ||    23
Invok: Berserk           |     2 |     1 ||     3
       Trog's Hand       |       |     1 ||     1
  Use: Scroll            |       |     3 ||     3
 Stab: Sleeping          |     1 |       ||     1
  Eat: Ration            |     1 |       ||     1
       Chunk             |       |     2 ||     2
Armor: Animal skin       |    21 |     5 ||    26
Dodge: Dodged            |    54 |    52 ||   106
Block: Other             |    13 |    18 ||    31
